 Dungeon Crawl Stone Soup version 0.26.0-10-g1f06aea511 (webtiles) character file.

Game seed: 5039622134471084517

133 night the Skirmisher (level 4, -4/38 HPs)
             Began as a Demonspawn Monk on Jan 23, 2021.
             Slain by a gnoll sergeant
             ... wielding a +1 spear of distortion
              (25 damage)
             ... on level 2 of the Dungeon.
             The game lasted 00:04:16 (2320 turns).

night the Skirmisher (Demonspawn Monk)              Turns: 2320, Time: 00:04:16

Health: -4/38      AC: 10    Str: 12    XL:     4   Next: 93%
Magic:  4/4        EV:  3    Int: 11    God:
Gold:   107        SH:  0    Dex: 16    Spells: 3/3 levels left

rFire    . . .     SeeInvis .     - Unarmed
rCold    . . .     Faith    .   (no shield)
rNeg     . . .     Spirit   .   j - +0 plate armour
rPois    .         Reflect  .   (no helmet)
rElec    .         Harm     .   (no cloak)
rCorr    .         Rampage  .   (no gloves)
Will     .....                  (no boots)
Stlth    ..........             (no amulet)
HPRegen  0.12/turn              (no ring)
MPRegen  0.09/turn              (no ring)

@: no status effects
A: hooves 1
a: no special abilities


You were on level 2 of the Dungeon.
You visited 1 branch of the dungeon, and saw 2 of its levels.

You collected 107 gold pieces.

Inventory:

Hand Weapons
 k - a +0 hunting sling
Missiles
 c - 16 poisoned darts (quivered)
 h - 5 boomerangs of dispersal
 l - 51 stones
Armour
 a - a +0 robe
 d - a +2 robe
 i - a +0 ring mail
 j - a +0 plate armour (worn)
 n - a +0 pair of gloves of strength
Scrolls
 b - a scroll of amnesia {unknown}
 e - a scroll of fog {unknown}
 f - a scroll of teleportation {unknown}
 g - 7 scrolls of identify {unknown}
 m - a scroll of enchant weapon {unknown}
Potions
 o - a potion of might {unknown}
 p - a potion of flight {unknown}


   Skills:
 + Level 4.5 Fighting
 - Level 2.6 Dodging
 - Level 1.7 Stealth
 + Level 4.1 Unarmed Combat


You had 3 spell levels left.
You didn't know any spells.
Your spell library was empty.

Dungeon Overview and Level Annotations

Branches:
Dungeon (2/15)

Altars:


Innate Abilities, Weirdness & Mutations

You have large cloven feet.


Message History

You throw a poisoned dart.
The poisoned dart hits the gnoll sergeant.
The gnoll sergeant is poisoned.
The gnoll shouts!
The gnoll sergeant hits you from afar with a +1 spear of distortion.
Space bends around you.
The gnoll sergeant completely misses you.
A gnoll comes into view. It is wielding a +0 halberd.
Throw: 17 darts (poison)
Press: ? - help, Q - select action, (/) - cycle Shift-Dir - straight line, f/p - gnoll sergeant
Aim: a gnoll sergeant, wielding a +1 spear of distortion and wearing a +0 scale mail (lightly wounded, poisoned)
You throw a poisoned dart.
The poisoned dart closely misses the gnoll sergeant.
The poisoned dart closely misses the gnoll.
The poisoned dart hits the gnoll.
The gnoll is poisoned.
The gnoll sergeant hits you from afar with a +1 spear of distortion.
Space warps horribly around you!!
Ouch! That really hurt!
You die...

#......#.####.####.########....
#....>.........................
###...####.####.####.############
.....................# ......
#####.####.####......# ###.. #
#......†...##......# #..
####.......#.##......#.. #..
...........#.##......#.. #?......
###........#.##.@....#.# #...g#..
#........#.##......#.# #... #..
#........#.##...g..#.# #.. #..
#........#.......g.#.###.## #..
####+#######......(#....... ..#
#).............. .##
##..#.#.#g...... ##
#..#.#.#.(..### #. #..#.#.#.####
##.


You could see a gnoll sergeant (poisoned) and 2 gnolls.

Vanquished Creatures
  Jessica (D:1)
  2 gnolls (D:2)
  2 adders (D:2)
  3 oozes
  2 dart slugs (D:1)
  8 bats
  4 giant cockroaches
  3 goblins
  5 hobgoblins
  8 jackals
  5 kobolds
  A quokka (D:2)
  A frilled lizard (D:1)
  6 rats
51 creatures vanquished.

Notes
Turn   | Place    | Note
-------+----------+-------------------------------------------
     0 | D:1      | night the Demonspawn Monk began the quest for the Orb.
     0 | D:1      | Reached XP level 1. HP: 18/18 MP: 1/1
    90 | D:1      | Gained mutation: You have large cloven feet. [demonic
                  | ancestry]
    90 | D:1      | Reached XP level 2. HP: 12/24 MP: 2/2
   930 | D:1      | Reached XP level 3. HP: 23/29 MP: 3/3
  1318 | D:2      | Noticed Jessica
  1332 | D:1      | Killed Jessica
  1542 | D:2      | Reached XP level 4. HP: 26/37 MP: 4/4
  1901 | D:2      | Noticed a gnoll sergeant
  2320 | D:2      | Slain by a gnoll sergeant

Illustrated notes

Levels and vault maps discovered:
D:1:      mrwooster_arrival_arrow, layout_loops_corners
D:2:      minmay_recursive_quarters, layout_basic, kennysheep_generic_room_16,
          uniq_jessica

Skill      XL: |  1  2  3  4 |
---------------+-------------+-----
Unarmed Combat | 3 4 |  4.1
Fighting       | 4 |  4.5
Dodging        | |  2.6
Stealth        | |  1.7

Action                   |  1- 3 |  4- 6 || total
-------------------------+-------+-------++-------
Melee: Unarmed           |    93 |    98 ||   191
       Kick              |    22 |    27 ||    49
       Punch             |     2 |     1 ||     3
Throw: Dart              |       |     2 ||     2
  Use: Scroll            |     1 |       ||     1
 Stab: Sleeping          |     1 |       ||     1
Armor: Robe              |     8 |       ||     8
       Plate armour      |    13 |   108 ||   121
Dodge: Dodged            |    41 |    20 ||    61
